 Dungeon Crawl Stone Soup version 0.27-a0-906-g0a00ce863d (webtiles) character file.

Game seed: 23608280450237708

5 Alarkh the Insei (level 1, -2/16 HPs)
             Began as a Demonspawn Gladiator on Apr 6, 2021.
             Slain by a quokka (3 damage)
             ... on level 1 of the Dungeon.
             The game lasted 00:00:16 (256 turns).

Alarkh the Insei (Demonspawn Gladiator)              Turns: 256, Time: 00:00:17

Health: -2/16      AC:  4    Str: 14    XL:     1   Next: 66%
Magic:  1/1        EV: 12    Int:  9    God:
Gold:   18         SH:  0    Dex: 14    Spells: 0/0 levels left

rFire    . . .     SeeInvis .     - Unarmed
rCold    . . .     Faith    .   (no shield)
rNeg     . . .     Spirit   .   a - +0 leather armour
rPois    .         Reflect  .   b - +0 helmet
rElec    .         Harm     .   (no cloak)
rCorr    .         Rampage  .   (no gloves)
Will     .....                  (no boots)
Stlth    +.........             (no amulet)
HPRegen  0.05/turn              (no ring)
MPRegen  0.07/turn              (no ring)

@: no status effects
A: no striking features
a: no special abilities


You were on level 1 of the Dungeon.
You visited 1 branch of the dungeon, and saw 1 of its levels.

You collected 18 gold pieces.

Inventory:

Missiles
 c - 3 throwing nets (quivered)
Armour
 a - a +0 leather armour (worn)
 b - a +0 helmet (worn)


   Skills:
 + Level 2.1 Fighting
 - Level 1.7 Throwing
 - Level 2.6 Dodging
 * Level 3.0 Unarmed Combat


You couldn't memorise any spells.
You didn't know any spells.
Your spell library was empty.

Dungeon Overview and Level Annotations

Branches:
Dungeon (1/15)

Altars:


Message History

You start resting.
HP restored.
Found a stone staircase leading down.
Found a mace.
There is a stone staircase leading down here.
No target in view!
Found 22 stones.
A quokka comes into view.
Found a scroll labelled LAOLELISTRU.
A quokka is nearby!
Found a pink potion.
The quokka bites you.
You barely miss the quokka. The quokka bites you.
You closely miss the quokka. The quokka completely misses you.
You hit the quokka.
The quokka is moderately wounded.
The quokka bites you.
You are too injured to fight recklessly!
You are too injured to fight recklessly!
You are too injured to fight recklessly!
You are too injured to fight recklessly!
You are too injured to fight recklessly!
You are too injured to fight recklessly!
You are too injured to fight recklessly!
You are too injured to fight recklessly!
You are too injured to fight recklessly!
You are too injured to fight recklessly!
You barely miss the quokka.
The quokka is moderately wounded.
The quokka bites you.
* * * LOW HITPOINT WARNING * * *
You barely miss the quokka.
The quokka is moderately wounded.
The quokka misses you.
You closely miss the quokka.
The quokka is moderately wounded.
The quokka bites you.
* * * LOW HITPOINT WARNING * * *
The quokka bites you.
You die...

.........##.....#.....####
.........##############
.........# ........##
...#....##
##.####..#############
.).###...#...........
........>............
.............@r......
...####.............. ..
##............. .
................
..(..............
...............!..
#####........$....
#........?....


You could see a quokka.

Vanquished Creatures
  A ball python (D:1)
  A hobgoblin (D:1)
  A kobold (D:1)
  A quokka (D:1)
4 creatures vanquished.

Notes
Turn   | Place    | Note
-------+----------+-------------------------------------------
     0 | D:1      | Alarkh the Demonspawn Gladiator began the quest for the
                  | Orb.
     0 | D:1      | Reached XP level 1. HP: 16/16 MP: 1/1
    45 | D:1      | Reached skill level 3 in Unarmed Combat
   256 | D:1      | Slain by a quokka

Illustrated notes

Levels and vault maps discovered:
D:1:      amcnicky_arrival_feature_with_door, layout_rooms

Skill      XL: |  1 |
---------------+----+-----
Unarmed Combat | 3 |  3.0
Fighting       | |  2.1
Throwing       | |  1.7
Dodging        | |  2.6

Action                   || total
-------------------------++-------
Melee: Unarmed           ||    19
Armor: Leather armour    ||     5
Dodge: Dodged            ||     6

Table legend: (Time is in decaauts)
 A = Elapsed time spent in this place.
 B = Non-inter-level travel time spent in this place.
 C = Inter-level travel time spent in this place.
 D = Time resting spent in this place.
 E = Time spent auto-exploring this place.
 F = Levels seen in this place.
 G = Mean time per level.
                   A        B        C        D        E       F      G
               +--------+--------+--------+--------+--------+-----+--------+
         Total |    255 |    255 |      0 |    161 |     38 |   1 |  255.0 |
       Dungeon |    255 |    255 |      0 |    161 |     38 |   1 |  255.0 |
               +--------+--------+--------+--------+--------+-----+--------+

Top non-repeatable levels by time:
     D:1: 255 daAuts
